Mandevil, chaotic male orcish Rogue @ @ A @ ----- ------ ...| @ |.... L ----- -..-- ---- q @ - --..--------- |...@ |.@.-- --.... @ .....-- --%..|.......| |...@@. |..@@---..&... A -+- AL ......%---..D.|g%.....| A |..@oD@a-.A...-.....@.D & A. A .A...@.A).)%...0.%R_...|A |...... |....---....%$.. @. J..$..%.%---%%%%|a.@.@..| |...a AD|...-- --..A%... @ .....@.-- --...|.......| ----- -..-- ----D--- U ---|---- --..--------- A ...| |.@.------- @ @ -------.%.| |...A ----- |..H...D..|@ A@L D AL|..D......| ----- -------T..--D @.. --.(D------- |....--A ... --....| ---...----%----...--- |....D%&%%..%.%.| ----------------- Mandevil the Burglar Experience level: 19 Strength: 18/50 Dexterity: 18 Constitution: 13 Intelligence: 13 Wisdom: 16 Charisma: 13 Health: 197(232) Energy: 89(89) AC: -30 Gold: 1820 Moves: 54843 Your Inventory: Coins $ - 1820 gold pieces Amulets x - an uncursed concave amulet [of magical breathing] Weapons a - the blessed rustproof +7 Frost Brand (weapon in hand) b - a blessed rustproof +7 orcish dagger of telepathy (wielded in other hand) r - 25 blessed +7 daggers (in quiver) E - a blessed [+0] athame [of searching] J - the blessed rustproof +0 Luck Blade Armor f - an uncursed +5 gold dragon scale mail [disintegration dragon scale mail] (being worn) l - a blessed fireproof +3 ornamental cope [cloak of magic resistance] (being worn) D - an uncursed +4 crested helmet [helmet] (being worn) N - a blessed fireproof +1 pair of padded gloves [leather] (being worn) O - a blessed +5 Hawaiian shirt of speed (being worn) S - a blessed fireproof +4 pair of water walking boots (being worn) Comestibles V - a blessed lizard corpse Scrolls K - an [uncursed] scroll of identify M - a [cursed] scroll of create monster T - 2 [uncursed] scrolls of teleportation Spellbooks p - the uncursed Book of the Dead Potions w - 2 uncursed potions of paralysis H - 2 [uncursed] potions of full healing I - a blessed potion of full healing P - an [uncursed] potion of extra healing U - an [uncursed] potion of vampire blood X - an [uncursed] potion of speed Rings s - a blessed ring called conflict [of conflict] (on right hand) L - a blessed ring of levitation Q - a blessed +3 ring of increase damage W - a blessed ring of free action (on left hand) Y - an uncursed rusty twisted ring [of regeneration] Wands c - an uncursed wand of digging (0:7) z - an [uncursed] wand of lightning [0:2] B - a cursed wand of fire [0:0] Z - an uncursed wand of teleportation (0:0) Tools d - the uncursed Bell of Opening (0:2) h - a blessed bag of holding k - the blessed rustproof Master Key of Thievery q - a blessed drum [leather] t - a blessed very rusty stethoscope v - a cursed candelabrum [Candelabrum of Invocation] (7 candles attached) y - a blessed [+0] unicorn horn R - a blessed blindfold Contents of the bag of holding: an uncursed amulet of ESP 31 blessed +7 daggers 13 uncursed +0 elven daggers a blessed rustproof [+1] runed broadsword named Stormbringer [Stormbringer] 20 uncursed C-rations 8 uncursed K-rations an uncursed food ration an uncursed lizard corpse 2 uncursed scrolls of flood an [uncursed] scroll of identify 2 blessed scrolls of light a blessed scroll of remove curse 2 uncursed scrolls of remove curse 5 uncursed unlabeled scrolls [of blank paper] 8 blessed potions called water [of holy water] an [uncursed] potion of extra healing 8 blessed potions of full healing an [uncursed] potion of full healing 3 blessed potions of object detection an uncursed potion of paralysis an uncursed ring of fire resistance an uncursed wand of cold [0:3] an uncursed wand of digging [0:8] an uncursed wand of digging [0:6] an uncursed wand of digging [0:5] an uncursed wand of fire [0:4] an uncursed wand of light [0:12] an uncursed wand of lightning [0:3] an uncursed wand of lightning [0:0] an uncursed wand of lightning [0:2] an uncursed wand of polymorph [0:3] an uncursed wand of polymorph [0:4] an uncursed wand of secret door detection [0:14] an uncursed wand of striking [0:7] an uncursed wand of striking [0:7] an uncursed wand of striking [0:4] an uncursed very rusty wand of teleportation (0:7) an uncursed wand of teleportation [0:4] a blessed magic marker (0:1) an uncursed [+0] unicorn horn an uncursed agate stone 2 uncursed amber stones 6 uncursed amethyst stones 2 uncursed aquamarine stones 2 uncursed black opals 2 uncursed chrysoberyl stones 3 uncursed citrine stones 6 uncursed diamonds 2 uncursed dilithium crystals an uncursed fluorite stone 4 uncursed garnet stones 4 uncursed green gems [emerald] an uncursed jade stone an uncursed jasper stone 2 uncursed jet stones an uncursed obsidian stone an uncursed opal 5 uncursed orange gems [jacinth] 3 uncursed red gems [ruby] 2 uncursed turquoise stones Spells known in the end: Name Level Category Fail Memory a - cause fear 3* enchantment 100% [........] b - magic missile 2* attack 64% [........] c - create monster 2* clerical 64% [........] d - force bolt 1* attack 64% [........] e - knock 1* matter 64% [........] f - identify 3* divination 100% [........] g - cure sickness 3 healing 100% [|||||...] Your skills at the end: Fighting Skills two weapon combat [Expert / Expert] body armor [Basic / Basic] Weapon Skills dagger [Expert / Expert] short sword [Skilled / Expert] long sword [Skilled / Skilled] Spellcasting Skills Final Attributes: You were the Glory of Arioch. You were piously aligned. Hunger level was 977. Your alignment was 284 / 284. Monster difficulty range was 17 - 57. Level difficulty was 70. You resisted fire. You were immune to cold. You were immune to sleep. You were immune to disintegration. You resisted electricity. You were immune to poison. You were magic-protected. You resisted physical damage. You were blinded. You saw invisible. You were telepathic. You were warned. You had automatic searching. You had infravision. You were invisible to others. You were stealthy. You caused conflict. You could teleport. You had teleport control. You could walk on water. You were protected. You were very fast. You had free action. You were wielding two weapons at once. You were extremely lucky (13). You had extra luck. Good luck did not time out for you. You survived. Vanquished creatures: Cthulhu Asmodeus Baalzebub Geryon Orcus Yeenoghu Juiblex The Wizard of Yendor (12 times) Pestilence (twice) Famine Vlad the Impaler 2 arch-liches a high priest 7 mastodons 5 vorpal jabberwocks Medusa 6 krakens 2 Archons 3 iron golems 6 master liches 5 ki-rin 3 storm giants 3 titans 2 glass golems 9 balrogs 14 purple worms 5 lindworms 3 amphiteres 8 guivres 4 sarkanies 8 gold dragons 7 tatzelworms 7 leviathans 6 drakens 13 wyverns a minotaur 17 jabberwocks The Master Assassin 10 baluchitheria 13 Angels 10 demiliches 5 stone golems 7 master mind flayers 22 Olog-hai 2 Nazgul 28 pit fiends a sandestin 13 hell hounds 10 titanotheres 4 trappers 4 baby wyverns 19 guardian nagas 12 disenchanters 68 vampire lords 7 skeletons a shopkeeper 20 aligned priests 5 captains 7 shades 7 liches 4 clay golems 15 nurses 21 ice devils 7 nalfeshnees 5 lurkers above 2 Aleaxes 5 frost giants 14 ettins 3 golden nagas 10 black puddings 54 vampires 8 lieutenants 50 ghosts a caveman a tourist a queen bee 11 locusts 4 winged gargoyles 7 mind flayers 11 giant mimics 10 zruties 11 fire giants 8 ogre kings 3 ice trolls 13 rock trolls 10 umber hulks a flesh golem 9 Elvenkings 3 doppelgangers 17 hezrous 12 bone devils 4 large mimics 6 wumpuses 4 fire vortices a baby long worm a baby purple worm 7 long worms 17 couatls 14 stalkers 6 air elementals 11 fire elementals 6 earth elementals 7 water elementals 7 hill giants 7 giant mummies 6 black nagas 6 xorns 34 giant zombies 22 elf-lords 20 sergeants 14 barbed devils 16 vrocks 5 salamanders 20 wargs 2 winter wolves 2 hell hound pups 20 small mimics a glass piercer 6 rodents of unusual size 10 warhorses 7 steam vortices 11 xans 7 ettin mummies an ogre lord 13 quantum mechanics 30 trolls 3 sasquatches 7 wood golems 3 erinyes 11 mariliths a djinni 7 sharks 9 electric eels 6 giant turtles 5 gelatinous cubes 3 pyrolisks 8 large dogs 5 freezing spheres 3 flaming spheres 9 shocking spheres 2 large cats 8 tigers 8 gargoyles a dwarf king 21 tengu 10 ochre jellies 12 leocrottas 5 energy vortices a mountain centaur 7 stone giants 6 elf mummies 5 human mummies 5 red nagas 11 green slimes 4 pit vipers 6 pythons 3 cobras 61 wraiths 6 carnivorous apes 61 ettin zombies 4 leather golems 16 Grey-elves 62 soldiers 24 horned devils 11 succubi 5 incubi 26 chameleons 3 crocodiles 10 giant beetles 10 quivering blobs 23 cockatrices 18 wolves 13 winter wolf cubs 3 lynxes 6 panthers 26 gremlins 8 spotted jellies 69 leprechauns 3 orc-captains 10 iron piercers 7 mumakil 27 giant spiders 7 scorpions 7 horses 2 ice vortices 8 black lights 14 vampire bats 3 forest centaurs 10 gnome kings 5 orc mummies 4 dwarf mummies 5 ogres 15 brown puddings 12 rust monsters 17 owlbears 9 yetis 3 gold golems 8 werewolves 8 Green-elves a piranha 9 giant eels 19 lizards a chickatrice 3 dogs 3 dingos 4 housecats 7 jaguars 9 dwarf lords 3 blue jellies 6 white unicorns 3 gray unicorns 6 dust vortices 16 ravens 4 plains centaurs 3 gnome mummies 9 snakes 8 water moccasins 13 apes 57 human zombies 5 rope golems 19 Woodland-elves 15 soldier ants 6 fire ants 12 snow ants 2 bugbears 3 imps 99 lemures a quasit 9 wood nymphs 23 water nymphs 9 mountain nymphs 10 Mordor orcs 5 Uruk-hai 6 orc shamans 7 rock piercers 7 enormous rats 4 rock moles 4 ponies 7 fog clouds 10 yellow lights 4 shriekers 6 violet fungi 26 gnome lords 8 gnomish wizards 2 kobold mummies a red naga hatchling 5 black naga hatchlings a golden naga hatchling 2 guardian naga hatchlings 2 gray oozes a barrow wight 27 elf zombies 23 ghouls a straw golem 4 paper golems 11 wax golems a jellyfish 2 baby crocodiles 19 giant ants 2 little dogs 9 floating eyes 7 kittens 24 dwarves 6 homunculi 2 kobold lords 2 kobold shamans 24 hill orcs 24 rothes 4 rabid rats 4 centipedes 4 giant bats 4 monkeys 30 orc zombies 30 dwarf zombies 4 wererats a werejackal 10 iguanas 59 killer bees 2 acid blobs 5 gas spores 9 hobbits 13 manes 3 large kobolds 12 hobgoblins 10 giant rats 12 cave spiders 2 brown molds 11 yellow molds 5 green molds 4 red molds 94 gnomes 20 garter snakes 36 gnome zombies 10 geckos 9 jackals 2 foxes 4 kobolds 21 goblins 2 sewer rats 13 grid bugs 3 bats 10 lichens 19 kobold zombies 7 newts 3154 creatures vanquished. Genocided or extinct species: arch-liches Nazgul (extinct) erinyes (extinct) electric eels 2 species genocided. 4 species extinct. Voluntary challenges: You used a wielded weapon 4875 times. You read items or engraved 422 times. You put on armor 124 times. You genocided 2 types of monsters. You polymorphed 33 items. You never changed form. You used 5 wishes. You used 3 wishes for magical items. You did not wish for any artifacts. You wrote Elbereth's name 265 times. You encountered 1 bones level. You used 1 Sokoban shortcut. Dungeon overview: The Dungeons of Doom: levels 1 to 26 Level 1 stairs to The Elemental Planes Level 2 a fountain Level 4 a fountain stairs to The Gnomish Mines Level 7 an altar to Kos Level 8 a sink Level 10 a fountain stairs to Sokoban Level 11 a fountain Level 12 a general store, a fountain stairs to Town Level 14 a fountain, a sink Level 15 portal to The Quest Level 17 a fountain Level 19 a fountain Level 20 portal to One-eyed Sam's Market Level 22 (Medusa) some fountains, many trees Level 26 a magic chest Gehennom: levels 27 to 55 Level 27 a temple, a magic chest stairs to The Dungeons of Doom Level 28 many fountains Level 30 a fountain Level 40 a lighting shop, some altars, a magic chest, a fountain Level 43 (WizTower top) Level 45 portal to Gehennom Level 46 many trees Level 48 (WT portal) portal to Gehennom Level 55 a temple The Gnomish Mines: levels 5 to 13 Level 5 stairs to The Dungeons of Doom Level 7 a general store, a temple to Kos, a magic chest, some fountains The Quest: levels 1 to 5 Level 1 a magic chest portal to The Dungeons of Doom Sokoban: levels 7 to 9 Level 9 stairs to The Dungeons of Doom Town: Level 11 stairs to The Dungeons of Doom One-eyed Sam's Market: Vlad's Tower: levels 31 to 34 Level 34 many trees stairs to Gehennom The Elemental Planes: Astral Plane <- You were here some temples Plane of Air portal to The Elemental Planes Plane of Fire portal to The Elemental Planes Plane of Earth portal to The Elemental Planes Plane of Water portal to The Elemental Planes History has recorded: On T:1 you entered the Dungeons of Doom to retrieve the Amulet of Yendor! On T:436 you reached level 2 of The Dungeons of Doom. On T:531 you advanced to experience level 2. On T:787 you advanced to experience level 3. On T:955 you reached level 3 of The Dungeons of Doom. On T:1149 you advanced to experience level 4. On T:1236 you reached level 4 of The Dungeons of Doom. On T:1459 you reached level 5 of The Dungeons of Doom. On T:1470 you advanced to experience level 5. On T:1778 you advanced to experience level 6. On T:1958 you reached level 1 of The Gnomish Mines. On T:2104 you advanced to experience level 7. On T:2338 you reached level 2 of The Gnomish Mines. On T:2420 you reached level 3 of The Gnomish Mines. On T:2755 you advanced to experience level 8. On T:3264 you advanced to experience level 9. On T:4844 you advanced to experience level 10. On T:4868 you reached level 4 of The Gnomish Mines. On T:5170 you received Grimtooth from Kos. On T:5661 you reached level 5 of The Gnomish Mines. On T:5891 you reached level 6 of The Dungeons of Doom. On T:6077 you reached level 7 of The Dungeons of Doom. On T:6351 you reached level 8 of The Dungeons of Doom. On T:6654 you reached level 9 of The Dungeons of Doom. On T:7223 you reached level 10 of The Dungeons of Doom. On T:7258 you reached level 3 of Sokoban. On T:7526 you reached level 2 of Sokoban. On T:8142 you reached level 1 of Sokoban. On T:10232 you advanced to experience level 11. On T:11069 you received a rustproof orcish dagger of telepathy from Kos. On T:11882 you reached level 6 of The Gnomish Mines. On T:12223 you reached level 7 of The Gnomish Mines. On T:12556 you reached level 8 of The Gnomish Mines. On T:12661 you reached level 9 of The Gnomish Mines. On T:15022 you reached level 11 of The Dungeons of Doom. On T:15339 you advanced to experience level 12. On T:15468 you reached level 12 of The Dungeons of Doom. On T:15906 you reached level 3 of Town. On T:15951 you reached level 13 of The Dungeons of Doom. On T:17458 you received a rustproof orcish dagger of stealth from Kos. On T:17893 you reached level 14 of The Dungeons of Doom. On T:18132 you reached level 15 of The Dungeons of Doom. On T:18569 you reached level 16 of The Dungeons of Doom. On T:18918 you reached level 17 of The Dungeons of Doom. On T:19433 you reached level 18 of The Dungeons of Doom. On T:19680 you reached level 19 of The Dungeons of Doom. On T:20118 you reached level 20 of The Dungeons of Doom. On T:20457 you reached level 1 of One-eyed Sam's Market. On T:20504 you reached level 21 of The Dungeons of Doom. On T:20672 you advanced to experience level 13. On T:20801 you reached level 22 of The Dungeons of Doom. On T:20818 you reached level 23 of The Dungeons of Doom. On T:20886 you killed Medusa on level 23 of The Dungeons of Doom. On T:21076 you reached level 24 of The Dungeons of Doom. On T:21196 you received a rustproof orcish dagger of fire from Kos. On T:21864 you received Frost Brand from Kos. On T:22417 you received Luck Blade from Kos. On T:25013 you reached level 25 of The Dungeons of Doom. On T:25308 you reached The Castle. On T:26191 you advanced to experience level 14. On T:26611 you wished for "blessed fixed +2 cloak of magic resistance". On T:26629 you wished for "blessed fixed amulet of reflection". On T:26668 you reached The Valley of the Dead. On T:26792 you wished for "2 blessed scrolls of genocide". On T:26792 you genocided all arch-liches On T:27999 you reached level 1 of The Quest. On T:28738 you embarked upon an epic quest. On T:28821 you reached level 2 of The Quest. On T:29002 you reached level 3 of The Quest. On T:29432 you reached level 4 of The Quest. On T:29615 you reached level 5 of The Quest. On T:30099 you killed Master Assassin on level 5 of The Quest. On T:30264 you completed the quest! On T:32290 you reached level 2 of Gehennom. On T:32978 you killed Asmodeus on level 2 of Gehennom. On T:32978 you advanced to experience level 15. On T:33074 you reached level 3 of Gehennom. On T:33328 you reached level 5 of Gehennom. On T:33351 you reached level 4 of Gehennom. On T:33353 you reached level 6 of Gehennom. On T:33659 you reached level 7 of Gehennom. On T:33663 you killed Baalzebub on level 7 of Gehennom. On T:33993 you reached level 8 of Gehennom. On T:34147 you reached level 9 of Gehennom. On T:34246 you reached level 10 of Gehennom. On T:34524 you reached level 11 of Gehennom. On T:34801 you reached level 12 of Gehennom. On T:34808 you killed Yeenoghu on level 12 of Gehennom. On T:35142 you reached level 13 of Gehennom. On T:35433 you reached level 14 of Gehennom. On T:35621 you advanced to experience level 16. On T:36245 you killed Orcus on level 14 of Gehennom. On T:36302 you advanced to experience level 17. On T:36687 you reached level 15 of Gehennom. On T:36906 you reached level 16 of Gehennom. On T:37116 you reached level 17 of Gehennom. On T:37552 you reached level 18 of Gehennom. On T:37672 you reached level 19 of Gehennom. On T:37710 you reached level 20 of Gehennom. On T:37724 you killed Geryon on level 20 of Gehennom. On T:38028 you reached level 21 of Gehennom. On T:38312 you reached level 22 of Gehennom. On T:38526 you reached level 23 of Gehennom. On T:38715 you reached level 24 of Gehennom. On T:39007 you reached level 25 of Gehennom. On T:39047 you reached level 26 of Gehennom. On T:39379 you reached level 27 of Gehennom. On T:39769 you reached level 28 of Gehennom. On T:42155 you advanced to experience level 18. On T:43761 you killed Juiblex on level 4 of Gehennom. On T:44247 you wished for "2 potions of oil". On T:44335 you wished for "3 blessed potions of oil". On T:45519 you reached level 4 of Vlad's Tower. On T:45744 you reached level 3 of Vlad's Tower. On T:45867 you reached level 2 of Vlad's Tower. On T:45992 you reached level 1 of Vlad's Tower. On T:46079 you killed Vlad the Impaler on level 1 of Vlad's Tower. On T:46959 you were chosen to steal souls for your god's glory! On T:47213 you received a rustproof orcish dagger of warning from Kos. On T:47305 you received Fire Brand from Kos. On T:48548 you killed Wizard of Yendor on level 17 of Gehennom. On T:48561 you performed the invocation. On T:48562 you reached level 29 of Gehennom. On T:48852 you killed Cthulhu on level 29 of Gehennom. On T:48854 you gained the Amulet of Yendor! On T:48966 you advanced to experience level 19. On T:49505 you lost the Amulet of Yendor. On T:49507 you killed Wizard of Yendor on level 17 of Gehennom. On T:49508 you gained the Amulet of Yendor! On T:50545 you killed Wizard of Yendor on level 4 of Gehennom. On T:50609 you lost the Amulet of Yendor. On T:50630 you killed Wizard of Yendor on level 2 of Gehennom. On T:52158 you killed Wizard of Yendor on level 24 of The Dungeons of Doom. On T:52168 you killed Wizard of Yendor on level 24 of The Dungeons of Doom. On T:52830 you killed Wizard of Yendor in The Valley of the Dead. On T:52921 you gained the Amulet of Yendor! On T:53591 you killed Wizard of Yendor on level 16 of The Dungeons of Doom. On T:53920 you killed Wizard of Yendor on level 5 of The Dungeons of Doom. On T:54493 you killed Wizard of Yendor on level 2 of The Dungeons of Doom. On T:54503 you killed Wizard of Yendor on level 1 of The Dungeons of Doom. On T:54526 you reached the Plane of Water. On T:54531 you killed Wizard of Yendor on the Plane of Water. On T:54533 you genocided all electric eels On T:54603 you reached the Astral Plane. On T:54639 you reached the Plane of Fire. On T:54673 you reached the Plane of Air. On T:54683 you reached the Astral Plane. On T:54710 you killed Pestilence on the Astral Plane. On T:54816 you killed Famine on the Astral Plane. On T:54843 you lost the Amulet of Yendor. On T:54843 you offered the Amulet of Yendor to Kos and ascended to the status of Demigod! Latest messages: The snow ant misses. (2x) You hear some noises in the distance. You hear some noises. You try to feel what is here. There is an altar to Kos (chaotic) here. You feel here a killer bee corpse. You hear a nearby zap. The bolt of fire hits the giant beetle! The bolt of fire hits the tatzelworm! The bolt of fire whizzes by you! You try to feel what is here. There is an altar to Kos (chaotic) here. You feel here a killer bee corpse. [HP+6=197] You offer the Amulet of Yendor to Kos... An invisible choir sings, and you are bathed in radiance... The voice of Kos rings out: "Congratulations, mortal!" "In return for thy service, I grant thee the gift of Immortality!" You ascend to the status of Demigod... Final status: Goodbye Mandevil the Demigod... You went to your reward with 346600 points, Frost Brand (worth 3000 zorkmids and 7500 points) The Bell of Opening (worth 5000 zorkmids and 12500 points) Stormbringer (worth 8000 zorkmids and 20000 points) The Master Key of Thievery (worth 3500 zorkmids and 8750 points) The Book of the Dead (worth 10000 zorkmids and 25000 points) The Candelabrum of Invocation (worth 5000 zorkmids and 12500 points) Luck Blade (worth 3000 zorkmids and 7500 points) 6 diamonds (worth 24000 zorkmids), 6 amethyst stones (worth 3600 zorkmids), 5 jacinth stones (worth 16250 zorkmids), 4 emeralds (worth 10000 zorkmids), 4 garnet stones (worth 2800 zorkmids), 3 rubies (worth 10500 zorkmids), 3 citrine stones (worth 4500 zorkmids), 2 dilithium crystals (worth 9000 zorkmids), 2 black opals (worth 5000 zorkmids), 2 turquoise stones (worth 4000 zorkmids), 2 aquamarine stones (worth 3000 zorkmids), 2 amber stones (worth 2000 zorkmids), 2 jet stones (worth 1700 zorkmids), 2 chrysoberyl stones (worth 1400 zorkmids), 1 opal (worth 800 zorkmids), 1 jasper stone (worth 500 zorkmids), 1 fluorite stone (worth 400 zorkmids), 1 obsidian stone (worth 200 zorkmids), 1 agate stone (worth 200 zorkmids), 1 jade stone (worth 300 zorkmids), 1 amulet of ESP (worth 150 zorkmids), 1 amulet of magical breathing (worth 150 zorkmids), and 1820 pieces of gold, after 54843 moves. You were level 19 with a maximum of 232 hit points when you ascended.